 Dungeon Crawl Stone Soup version 0.29-a0-350-g7790a0e70a (webtiles) character file.

Game seed: 17870031803612448149

61 kevlar127 the Ruffian (level 3, -2/36 HPs)
             Began as a Troll Berserker on Apr 22, 2022.
             Was a Believer of Trog.
             Slain by a black bear (3 damage)
             ... on level 3 of the Dungeon.
             The game lasted 00:07:37 (1753 turns).

kevlar127 the Ruffian (Troll Berserker)             Turns: 1753, Time: 00:07:37

Health: -2/36      AC:  4    Str: 33    XL:     3   Next: 83%
Magic:  2/2        EV: 10    Int:  3    God:    Trog [**....]
Gold:   105        SH:  0    Dex:  9    Spells: 2/2 levels left

rFire   . . .      SeeInvis .     - Unarmed
rCold   . . .      Faith    .   (no shield)
rNeg    . . .      Spirit   .   a - +0 animal skin
rPois   .          Reflect  .   (helmet restricted)
rElec   .          Harm     .   (no cloak)
rCorr   .          Rampage  .   (gloves unavailable)
Will    .....                   (boots unavailable)
Stlth   +.........              e - amulet of the acrobat
HPRegen 0.92/turn               m - +6 ring of strength
MPRegen 0.08/turn               (no ring)

@: no status effects
A: large, unfitting armour, claws 3, regeneration 1, shaggy fur 1, tough skin 1
a: Renounce Religion, Berserk, Trog's Hand


You were on level 3 of the Dungeon.
You worshipped Trog.
Trog was pleased with you.
You visited 1 branch of the dungeon, and saw 3 of its levels.

You collected 105 gold pieces.

Inventory:

Hand Weapons
 o - the +6 broad axe of Governance {vamp, rC+ Will- rCorr Str+9}
   (You found it on level 3 of the Dungeon)

   It occasionally heals its wielder for a portion of the damage dealt when it
   wounds a living foe.
   Str:       It affects your strength (+9).
   rC:        It protects you from cold.
   rCorr:     It protects you from acid and corrosion.
   Will:      It decreases your willpower.
Missiles
 j - 162 stones (quivered)
 p - 4 datura-tipped darts
Armour
 a - a +0 animal skin (worn)
Jewellery
 e - an amulet of the acrobat (around neck)
 m - a +6 ring of strength (left claw)
Scrolls
 c - 2 scrolls of noise {unknown}
 d - a scroll of fog {unknown}
 l - 2 scrolls of identify {unknown}
Potions
 b - a potion of cancellation {unknown}
 f - 2 potions of might {unknown}
 g - a potion of attraction {unknown}
 h - a potion of curing {unknown}
 i - a potion of flight {unknown}
 k - a potion of magic {unknown}
 n - a potion of lignification {unknown}


   Skills:
 + Level 2.9 Fighting
 + Level 1.1 Throwing
 + Level 2.9 Dodging
 + Level 3.5 Unarmed Combat


You had 2 spell levels left.
You didn't know any spells.
Your spell library was empty.

Dungeon Overview and Level Annotations

Branches:
Dungeon (3/15)

Altars:


Innate Abilities, Weirdness & Mutations

You are too large for most types of armour.
You have claws for hands.
Your natural rate of healing is unusually fast.
You are covered in fur. (AC +1)
You have tough skin. (AC +1)


Message History

The black bear claws you but does no damage.
The black bear closely misses you.
You claw the black bear!
The black bear is heavily wounded.
The giant cockroach misses you. The black bear bites you.
The black bear claws you. The black bear barely misses you.
You barely miss the black bear.
The black bear is heavily wounded.
The giant cockroach barely misses you.
The black bear bites you but does no damage.
The black bear misses you. The black bear claws you.
You scratch the black bear.
The black bear is severely wounded.
The giant cockroach barely misses you.
The black bear goes berserk!
You barely miss the black bear.
The black bear is severely wounded.
The giant cockroach misses you. The black bear bites you.
The black bear claws you. The black bear barely misses you.
You are too injured to fight recklessly!
You are too injured to fight recklessly!
You are too injured to fight recklessly!
You are too injured to fight recklessly!
You are too injured to fight recklessly!
You are too injured to fight recklessly!
You are too injured to fight recklessly!
You are too injured to fight recklessly!
You are too injured to fight recklessly!
You are too injured to fight recklessly!
You are too injured to fight recklessly!
You are too injured to fight recklessly!
You barely miss the giant cockroach. The black bear completely misses you.
The black bear claws you. x2
* * * LOW HITPOINT WARNING * * *
The giant cockroach closely misses you.
You barely miss the giant cockroach. The black bear bites you.
* * * LOW HITPOINT WARNING * * *
The black bear claws you.
* * * LOW HITPOINT WARNING * * *
The black bear claws you.
You die...

#. #. #. ##.#
#... #.##..†###
#...>.B@h#####..
#...............
##........#####
.......##.#
####..$ #.# ####
#.########
####.........
#....########
####.##.##


You could see a black bear (berserk) and a giant cockroach.

Vanquished Creatures
  2 adders
  2 worms (D:2)
  A dart slug (D:2)
  4 bats
  An endoplasm (D:2)
  2 giant cockroaches (D:2)
  4 goblins
  2 hobgoblins (D:2)
  5 kobolds
  2 quokkas
  4 ball pythons (D:2)
  4 frilled lizards
  4 rats
37 creatures vanquished.

Notes
Turn   | Place    | Note
-------+----------+-------------------------------------------
     0 | D:1      | kevlar127 the Troll Berserker began the quest for the Orb.
     0 | D:1      | Reached XP level 1. HP: 22/22 MP: 0/0
   281 | D:1      | You fall into a shaft and drop 1 floor!
   291 | D:2      | Reached XP level 2. HP: 29/29 MP: 1/1
   451 | D:2      | Reached XP level 3. HP: 36/36 MP: 2/2
   519 | D:2      | Reached ** piety under Trog
   801 | D:2      | Found a faded altar of an unknown god.
   832 | D:2      | Reached skill level 1 in Throwing
  1653 | D:3      | Identified the +6 broad axe of Governance {vamp, rC+ Will-
                  | rCorr Str+9}
  1739 | D:3      | Noticed a black bear
  1753 | D:3      | HP: 1/36 [black bear (2)]
  1753 | D:3      | Slain by a black bear

Illustrated notes

Levels and vault maps discovered:
D:1:      amcnicky_arrival_underground_garden, layout_loops_ring,
          minmay_misc_feat_more_columns, chequers_serial_rivers_large_a,
          palyth_stone_intersect
D:2:      layout_basic, chequers_ecumenical_altar_island, serial_bayou_pond_e
D:3:      layout_loops_ring, serial_shops, shop_fountains,
          uniq_crazy_yiuf_cottage, uniq_terence, uniq_ijyb

Skill      XL: |  1  2  3 |
---------------+----------+-----
Throwing       | 1 |  1.1
Fighting       | |  2.9
Dodging        | |  2.9
Unarmed Combat | |  3.5

Action                   || total
-------------------------++-------
Melee: Unarmed           ||    84
       Punch             ||     1
Armor: Animal skin       ||    25
Dodge: Dodged            ||    42

Table legend: (Time is in decaauts)
 A = Elapsed time spent in this place.
 B = Non-inter-level travel time spent in this place.
 C = Inter-level travel time spent in this place.
 D = Time resting spent in this place.
 E = Time spent auto-exploring this place.
 F = Levels seen in this place.
 G = Mean time per level.
                   A        B        C        D        E       F      G
               +--------+--------+--------+--------+--------+-----+--------+
         Total |   1773 |   1661 |    112 |      0 |   1358 |   3 |  591.0 |
       Dungeon |   1773 |   1661 |    112 |      0 |   1358 |   3 |  591.0 |
               +--------+--------+--------+--------+--------+-----+--------+

Top non-repeatable levels by time:
     D:1: 829 daAuts
     D:2: 802 daAuts
     D:3: 140 daAuts
